 Dungeon Crawl Stone Soup version 0.23.2-1-ga50397a (webtiles) character file.

Game seed: 2554644348499068338

3139 dvd the Zephyrmancer (level 9, 0/47 HPs)
             Began as a Tengu Air Elementalist on May 24, 2019.
             Was an Initiate of Vehumet.
             Killed by divine providence
             ... invoked by an orc priest
              (14 damage)
             ... on level 8 of the Dungeon.
             The game lasted 00:24:27 (10167 turns).

dvd the Zephyrmancer (Tengu Air Elementalist)      Turns: 10167, Time: 00:24:27

Health: 0/47       AC:  6    Str:  9    XL:     9   Next: 92%
Magic:  30/36      EV: 15    Int: 19    God:    Vehumet [......]
Gold:   458        SH:  3    Dex: 14    Spells: 8/23 levels left

rFire    . . .     SeeInvis .   B - staff of power
rCold    . . .     Gourm    .   C - +0 buckler
rNeg     . . .     Faith    .   e - +0 steam dragon scales
rPois    .         Spirit   .   (helmet restricted)
rElec    .         Reflect  .   G - +0 cloak
rCorr    .         Harm     .   (no gloves)
MR       .....                  (boots unavailable)
Stlth    +++.......             (no amulet)
HPRegen  0.15/turn              (no ring)
MPRegen  0.25/turn              (no ring)

@: flying quickly and evasively, quick
A: beak, talons 3, able to fly
a: Stop Flying, Renounce Religion


You were on level 8 of the Dungeon.
You worshipped Vehumet.
Vehumet was noncommittal.
You were not hungry.

You visited 2 branches of the dungeon, and saw 9 of its levels.

You collected 458 gold pieces.

Inventory:

Hand Weapons
 a - the +0 hand axe of Wrongful Imprisonment {chop, rElec rC+ MR++ Dex-5}
   (You found it on level 4 of the Dungeon)

   It inflicts extra damage upon your enemies.
   It affects your dexterity (-5).
   It protects you from cold.
   It insulates you from electricity.
   It affects your resistance to hostile enchantments.
 f - a +2 hand axe of flaming
 l - a +0 dagger of flaming
 n - a +0 dagger of protection
 u - a +1 dagger of venom
 w - a +2 dagger of holy wrath
 x - a +2 short sword of draining
 z - a +3 flail of freezing
Armour
 d - a +0 scale mail of cold resistance
 e - +0 steam dragon scales (worn)
 q - a +2 ring mail of magic resistance
 A - a +2 chain mail of cold resistance
 C - a +0 buckler (worn)
 G - a +0 cloak (worn)
Magical Staves
 B - an uncursed staff of power (weapon)
Scrolls
 b - a scroll of teleportation
 g - a scroll of fear
 m - 5 scrolls of identify
 p - a scroll of enchant armour {unknown}
 t - 2 scrolls of remove curse
 y - a scroll of blinking
 D - a scroll of fog
 E - a scroll of vulnerability {unknown}
Potions
 h - a potion of cancellation {unknown}
 i - 3 potions of curing {unknown}
 j - a potion of magic {unknown}
 k - 3 potions of flight {unknown}
 o - a potion of agility {unknown}
 r - a potion of might
 s - a potion of degeneration {unknown}
 v - 5 potions of lignification {unknown}
 F - a potion of heal wounds {unknown}
Comestibles
 c - 12 rations


   Skills:
 + Level 1.5 Fighting
 + Level 0.2 Short Blades
 + Level 1.2(1.3) Axes
 + Level 0.7(1.2) Maces & Flails
 + Level 0.5(0.8) Staves
 + Level 3.6 Dodging
 + Level 4.1 Stealth
 + Level 0.1 Shields
 + Level 7.8 Spellcasting
 + Level 6.1 Conjurations
 + Level 11.1 Air Magic
 + Level 0.7 Poison Magic


You had 8 spell levels left.
You knew the following spells:

 Your Spells              Type           Power        Failure   Level  Hunger
a - Shock                 Conj/Air       ####         1%          1    None
b - Airstrike             Air            #####.....   1%          4    ###....
c - Static Discharge      Conj/Air       #####...     1%          3    #......
d - Poisonous Vapours     Pois/Air       ####..       1%          2    None
e - Lightning Bolt        Conj/Air       #####.....   12%         5    #####..

Your spell library contained the following spells:

 Spells                   Type           Power        Failure   Level  Hunger
 Swiftness                Chrm/Air       ####....     2%          2    None
 Sting                    Conj/Pois      ###.         3%          1    None
 Mephitic Cloud           Conj/Pois/Air  ####....     3%          3    #......
 Venom Bolt               Conj/Pois      ###.......   71%         5    #####..
 Olgreb's Toxic Radiance  Pois           ##......     73%         4    ###....


Dungeon Overview and Level Annotations

Branches:
Dungeon (8/15)             Temple (1/1) D:7
   Lair: D:8-11

Altars:
Ashenzari
Cheibriados
Dithmenos
Fedhas
Gozag
Hepliaklqana
Kikubaaqudgha
Makhleb
Nemelex Xobeh
Okawaru
Qazlal
Ru
Sif Muna
Trog
Uskayaw
Vehumet
Wu Jian
Xom
Yredelemnul
Zin
The Shining One

Shops:
D:7 }

Annotations:
D:7 2 transporters, ohad's ghost, novice FoFi


Innate Abilities, Weirdness & Mutations

You have a beak for a mouth.
You have claws for feet.
You can fly continuously.


Message History

The orc wizard shouts!
Unknown command.
Casting: Static Discharge (safe; 1% risk of failure)
Confirm with . or Enter, or press ? or * to list all spells.
The orc priest is struck by an arc of lightning.
The orc priest is moderately wounded.
The orc warrior is struck by an arc of lightning.
The orc warrior is heavily wounded.
The lightning grounds out.
The orc warrior is struck by an arc of lightning.
The orc warrior is severely wounded.
The lightning grounds out.
You hear a screech!
The centaur shoots an arrow.
The arrow hits you! The orc wizard casts a spell at you.
The magic dart hits you.
* * * LOW HITPOINT WARNING * * *
The orc priest mumbles some strange prayers to Beogh against you.
Beogh smites you!
You die...

#### . ... ..
#.. .#. ... .
...o #.# ...
.....##.###....
#o..o....o....
#@ooo.#
#(.o..o......
#....c..###+###
##.......
#.....F.
#...#....
#..##...# ...
...##


You could see an orc warrior, a bullfrog, a centaur, 3 orc priests, 2 orc
wizards and 3 orcs.

Vanquished Creatures
  The ghost of MalarOregon the Poker, an amateur MfSk (D:3)
  2 hungry ghosts
  Menkaure (D:7)
  2 orc warriors
  2 black bears (D:7)
  2 ice beasts (D:5)
  A necrophage (D:5)
  2 ogres (D:6)
  2 phantoms
  A centaur (D:5)
  A big kobold (D:6)
  A gnoll sergeant (D:6)
  6 scorpions
  5 wights (D:6)
  3 crimson imps
  A quasit (D:7)
  2 orc priests
  Crazy Yiuf (D:7)
  3 hounds
  5 orc wizards
  A bullfrog skeleton (D:5)
  A centaur skeleton (D:5)
  2 iguanas (D:6)
  A worker ant (D:7)
  14 gnolls
  4 adders
  A shadow imp (D:5)
  2 oozes
  4 adder skeletons
  2 worms (D:2)
  3 dart slugs
  3 leopard geckos
  29 orcs
  A ball python (D:2)
  4 giant cockroaches
  7 goblins
  14 hobgoblins
  24 jackals
  3 quokkas
  A ball python skeleton (D:4)
  10 bats
  5 frilled lizards
  2 giant cockroach zombies
  14 kobolds
  5 rats
201 creatures vanquished.

Vanquished Creatures (others)
  A human (D:5)
1 creature vanquished.

Grand Total: 202 creatures vanquished

Notes
Turn   | Place    | Note
-------+----------+-------------------------------------------
     0 | D:1      | dvd the Tengu Air Elementalist began the quest for the Orb.
     0 | D:1      | Reached XP level 1. HP: 10/10 MP: 4/4
   100 | D:1      | Found a snail-covered altar of Cheibriados.
   299 | D:1      | Reached XP level 2. HP: 15/15 MP: 3/6
  1097 | D:1      | Reached XP level 3. HP: 19/19 MP: 4/7
  1677 | D:2      | Reached skill level 5 in Air Magic
  1933 | D:2      | Reached XP level 4. HP: 23/24 MP: 1/8
  2127 | D:2      | Learned a level 4 spell: Airstrike
  2603 | D:3      | Found a transporter.
  2608 | D:3      | Noticed MalarOregon's ghost (amateur MfSk)
  2617 | D:3      | Found a transporter.
  2830 | D:3      | Gained mutation: You can fly continuously. [Tengu growth]
  2830 | D:3      | Reached XP level 5. HP: 13/28 MP: 0/9
  3185 | D:3      | Found a glowing silver altar of Zin.
  4104 | D:4      | Noticed an orc warrior
  4530 | D:4      | Found a blossoming altar of Fedhas.
  4622 | D:4      | Killed an orc warrior
  4622 | D:4      | Reached skill level 6 in Air Magic
  4622 | D:4      | Reached XP level 6. HP: 32/32 MP: 5/12
  4801 | D:4      | Got a scorched hand axe
  4802 | D:4      | Identified the cursed +0 hand axe of Wrongful Imprisonment
                  | {chop, rElec rC+ MR++ Dex-5} (You found it on level 4 of
                  | the Dungeon)
  5086 | D:4      | Found an opulent altar of Gozag.
  5086 | D:4      | Found a shattered altar of Ashenzari.
  5086 | D:4      | Found a glowing golden altar of the Shining One.
  5086 | D:4      | Found a hazy altar of Hepliaklqana.
  5141 | D:4      | Found a shimmering altar of Xom.
  5141 | D:4      | Found a bloodstained altar of Trog.
  5195 | D:5      | Entered Level 5 of the Dungeon
  5394 | D:5      | Reached XP level 7. HP: 21/37 MP: 1/14
  5622 | D:3      | Killed MalarOregon's ghost
  5720 | D:3      | Learned a level 3 spell: Static Discharge
  5768 | D:5      | Reached skill level 5 in Conjurations
  5768 | D:5      | Reached skill level 7 in Air Magic
  5799 | D:5      | Found an ancient bone altar of Kikubaaqudgha.
  5800 | D:5      | Noticed a human
  5804 | D:5      | Killed a human
  5932 | D:5      | Learned a level 2 spell: Poisonous Vapours
  6021 | D:5      | Reached skill level 5 in Spellcasting
  6021 | D:5      | Reached XP level 8. HP: 37/42 MP: 1/16
  6225 | D:5      | Reached skill level 1 in Fighting
  6282 | D:5      | Reached skill level 1 in Axes
  6609 | D:5      | Reached skill level 8 in Air Magic
  7338 | D:6      | Reached skill level 9 in Air Magic
  7602 | D:6      | Reached XP level 9. HP: 47/47 MP: 6/19
  8660 | D:6      | Learned a level 5 spell: Lightning Bolt
  8685 | D:6      | Found a shadowy altar of Dithmenos.
  8688 | D:6      | Reached skill level 10 in Air Magic
  9204 | D:7      | Found a transporter.
  9206 | D:7      | Found a transporter.
  9206 | D:7      | Noticed ohad's ghost (novice FoFi)
  9281 | D:7      | Found Ohepreus's Gadget Shoppe.
  9290 | D:7      | Found a stormy altar of Qazlal.
  9393 | D:7      | Found a staircase to the Ecumenical Temple.
  9402 | Temple   | Entered the Ecumenical Temple
  9500 | Temple   | Became a worshipper of Vehumet
  9584 | D:7      | Found a runed translucent door.
  9585 | D:7      | Noticed Crazy Yiuf
  9592 | D:7      | Killed Crazy Yiuf
  9904 | D:7      | Noticed Menkaure
  9908 | D:7      | Killed Menkaure
  9908 | D:7      | Reached skill level 11 in Air Magic
 10032 | D:7      | Found a deep blue altar of Sif Muna.
 10167 | D:8      | Killed from afar by an orc priest

Skill      XL: |  1  2  3  4  5  6  7  8  9 |
---------------+----------------------------+-----
Air Magic      | 5 6 7 9 11 | 11.1
Conjurations   | 2 3 4 5 6 |  6.1
Spellcasting   | 3 4 5 6 7 |  7.8
Dodging        | 3 |  3.6
Fighting       | 1 |  1.5
Axes           | 1 |  1.2
Stealth        | 3 4 |  4.1
Short Blades   | |  0.2
Maces & Flails | |  0.7
Staves         | |  0.5
Shields        | |  0.1
Poison Magic   | |  0.7

Action                   |  1- 3 |  4- 6 |  7- 9 || total
-------------------------+-------+-------+-------++-------
Melee: Whip              |     5 |     6 |       ||    11
       Peck              |     1 |     7 |     7 ||    15
       Dagger            |       |    24 |       ||    24
       Kick              |       |    10 |    15 ||    25
       Hand axe          |       |    19 |    28 ||    47
       Staff             |       |       |    44 ||    44
 Cast: Shock             |    79 |   122 |   114 ||   315
       Airstrike         |       |     1 |    64 ||    65
       Poisonous Vapours |       |       |     6 ||     6
       Static Discharge  |       |       |     8 ||     8
 Abil: Fly               |       |     1 |       ||     1
  Use: Scroll            |       |     4 |     3 ||     7
 Stab: Sleeping          |       |     1 |     4 ||     5
  Eat: Chunk             |     4 |    11 |    19 ||    34
       Ration            |       |       |     1 ||     1
Armor: Robe              |    11 |     4 |       ||    15
       Steam dragon scal |       |     6 |    32 ||    38
Dodge: Dodged            |    25 |    57 |    88 ||   170
Block: Buckler           |       |       |     3 ||     3
